 Dungeon Crawl Stone Soup version 0.22-a0-866-geee5034 (webtiles) character file.

49 iamserjio the Chiller (level 3, 0/26 HPs)
             Began as a Barachi Ice Elementalist on July 28, 2018.
             Succumbed to a gnoll's poison
             ... on level 2 of the Dungeon.
             The game lasted 00:04:13 (386 turns).

iamserjio the Chiller (Barachi Ice Elementalist)     Turns: 386, Time: 00:04:14

Health: 0/26       AC:  7    Str:  9    XL:     3   Next: 75%
Magic:  0/6        EV: 12    Int: 16    God:
Gold:   51         SH:  0    Dex: 12    Spells: 2/6 levels left

rFire    . . .     SeeInvis .   h - +2 dagger (elec)
rCold    . . .     Gourm    .   (no shield)
rNeg     . . .     Faith    .   a - +0 robe
rPois    .         Spirit   .   (no helmet)
rElec    .         Reflect  .   (no cloak)
rCorr    .         Harm     .   (no gloves)
MR       .....                  (no boots)
Stlth    ++........             (no amulet)
HPRegen  0.08/turn              (no ring)
MPRegen  0.10/turn              (no ring)

@: lethally poisoned (0 -> -32), icy armour, flying, very slightly contaminated,
invisible, slow
A: +LOS, swims, slowness 1, strong legs 1
a: Hop


You were on level 2 of the Dungeon.
You were not hungry.

You visited 1 branch of the dungeon, and saw 2 of its levels.

You collected 51 gold pieces.

Inventory:

Hand Weapons
 b - a +0 spear
 h - a +2 dagger of electrocution (weapon)
Missiles
 m - 11 poisoned needles
Armour
 a - a +0 robe (worn)
 l - a +0 scale mail
Scrolls
 f - a scroll of enchant weapon {unknown}
 g - 2 scrolls of teleportation {unknown}
 i - 2 scrolls of identify {unknown}
 j - a scroll of blinking {unknown}
 k - a scroll of enchant armour {unknown}
 n - a scroll of remove curse {unknown}
Potions
 e - a potion of flight
 o - a potion of might {unknown}
Comestibles
 c - 2 rations


   Skills:
 + Level 1.3 Fighting
 - Level 2.1 Dodging
 - Level 1.7 Stealth
 - Level 2.1 Spellcasting
   Level 1.1 Conjurations
 + Level 5.3 Ice Magic


You had 2 spell levels left.
You knew the following spells:

 Your Spells              Type           Power        Failure   Level  Hunger
a - Freeze                Ice            ###.         2%          1    #......
b - Ozocubu's Armour      Chrm/Ice       ##......     21%         3    ###....

Your spell library contained the following spells:

 Spells                   Type           Power        Failure   Level  Hunger
 Throw Frost              Conj/Ice       ##....       9%          2    ###....
 Summon Ice Beast         Ice/Summ       ##......     56%         4    #####..
 Throw Icicle             Conj/Ice       ##......     47%         4    #####..


Dungeon Overview and Level Annotations

Branches:
Dungeon (2/15)

Altars:


Innate Abilities, Weirdness & Mutations

Shadows flee at your approach. (+LOS)
You can swim through water.
You cover ground slowly.
You can hop short distances.


Message History

Nothing appears to happen.
The gnoll hits you with a spear of venom.
You are poisoned.
Casting: Ozocubu's Armour (safe; 21% risk of failure)
Confirm with . or Enter, or press ? or * to list all spells.
A film of ice covers your body!
You feel sick.
The gnoll hits you with a spear of venom.
* * * LOW HITPOINT WARNING * * *
You are more poisoned.
It was a potion of flight.
You feel very buoyant.
You fly up into the air.
* * * LOW HITPOINT WARNING * * *
You feel sick.
The gnoll hits you with a spear of venom.
* * * LOW HITPOINT WARNING * * *
You are more poisoned.
It was a potion of invisibility.
You fade into invisibility!
You die...

#......g##
##.....## ##...##
#####g## ..# #.#
#.# #.# #.###.##
#.##)..##
#..######@g.....#
#.........#####.#
#.#######.# .##
#.>.......# ..
#########.# .##
#.#####.#
#.......#
#####.### #.#


You could see a gnoll.

Vanquished Creatures
  Terence (D:2)
  An adder (D:2)
  4 goblins (D:1)
  2 hobgoblins
  2 jackals (D:1)
  2 ball pythons (D:1)
  2 frilled lizards
  3 kobolds (D:1)
  A rat (D:2)
18 creatures vanquished.

Notes
Turn   | Place    | Note
-------+----------+-------------------------------------------
     0 | D:1      | iamserjio the Barachi Ice Elementalist began the quest for the Orb.
     0 | D:1      | Reached XP level 1. HP: 13/13 MP: 3/3
    97 | D:1      | Reached skill level 4 in Ice Magic
   129 | D:1      | Reached XP level 2. HP: 10/19 MP: 0/5
   244 | D:2      | Reached XP level 3. HP: 13/24 MP: 3/6
   257 | D:2      | Reached skill level 5 in Ice Magic
   262 | D:2      | Learned a level 3 spell: Ozocubu's Armour
   302 | D:2      | Noticed Terence
   318 | D:2      | Killed Terence
   318 | D:2      | Reached skill level 1 in Fighting
   386 | D:2      | Succumbed to a gnoll's poison

Vault maps used:
D:1:      denvon_arrival_waterhouse, glass_columns_a
D:2:      zin_purify, uniq_natasha, uniq_terence, uniq_jessica

Skill      XL: |  1  2  3 |
---------------+----------+-----
Ice Magic      | 4 5 |  5.3
Fighting       | 1 |  1.3
Dodging        | |  2.1
Stealth        | |  1.7
Spellcasting   | |  2.1
Conjurations   | |  1.1

Action                   || total
-------------------------++-------
Melee: Spear             ||    24
       Dagger            ||    18
 Cast: Freeze            ||    19
       Ozocubu's Armour  ||     2
  Use: Potion            ||     2
 Stab: Sleeping          ||     1
Armor: Robe              ||     6
Dodge: Dodged            ||    36

Table legend:
 A = Spawn XP
 B = Non-spawn XP
 C = Spawn XP percentage of total XP
 D = Spawn monster count
 E = Non-spawn monster count
 F = Spawn count percentage of total count
 G = Total turns spent on level
                    A         B        C        D         E        F      G
               +---------+---------+-------+---------+---------+-------+---------
         Total |       0 |      70 |   0.0 |       0 |      18 |   0.0 |   386
               +---------+---------+-------+---------+---------+-------+---------
           D:1 |       0 |      21 |   0.0 |       0 |      13 |   0.0 |   236
           D:2 |       0 |      49 |   0.0 |       0 |       5 |   0.0 |   150
               +---------+---------+-------+---------+---------+-------+---------
